 Dungeon Crawl Stone Soup version 0.31-a0-188-g5e087ee2ca (webtiles) character file.

Game seed: 10020985596469825664

88 qw the Shooter (level 4, 0/25 HPs)
             Began as a Deep Elf Hunter on June 23, 2023.
             Slain by an orc priest
             ... wielding a +0 flail
              (2 damage)
             ... on level 3 of the Dungeon.
             The game lasted 00:00:39 (1797 turns).

qw the Shooter (Deep Elf Hunter)                    Turns: 1797, Time: 00:00:40

Health: 0/25       AC:  5    Str: 10    XL:     4   Next: 29%
Magic:  0/6        EV: 11    Int: 14    God:
Gold:   51         SH:  0    Dex: 18    Spells: 3/3 levels left

rFire   . . .        Y - +0 shortbow
rCold   . . .        (shield currently unavailable)
rNeg    . . .        f - +0 ring mail
rPois   .            (no helmet)
rElec   .            (no cloak)
rCorr   .            (no gloves)
SInv    .            (no boots)
Will    +....        c - amulet of guardian spirit
Stlth   +            e - ring of willpower
HPRegen 0.24/turn    (no ring)
MPRegen 0.10/turn

%: guardian spirit
@: no status effects
A: no striking features
a: no special abilities


You were on level 3 of the Dungeon.
You visited 1 branch of the dungeon, and saw 3 of its levels.

You collected 51 gold pieces.


   Skills:
 - Level 1.5 Fighting
 + Level 7.7 Ranged Weapons
 - Level 2.4 Dodging
 - Level 1.2 Stealth


You had 3 spell levels left.
You didn't know any spells.
Your spell library was empty.

Inventory:

Hand Weapons
 Y - a +0 shortbow (weapon)
Armour
 f - a +0 ring mail (worn)
Jewellery
 c - an amulet of guardian spirit (around neck)
 d - an amulet of the acrobat
 e - a ring of willpower (left hand)
Scrolls
 a - 3 scrolls of identify
Potions
 g - a potion of curing

Dungeon Overview and Level Annotations

Branches:
Dungeon (3/15)

Altars:


Message History

Deactivating autopickup; reactivate with Ctrl-A.
The endoplasm freezes you.
You are frozen.
You hear a bark!
You shoot an arrow. The arrow hits the endoplasm.
You kill the endoplasm!
You shoot an arrow. The arrow closely misses the orc.
The orc hits you but does no damage.
You shoot an arrow. The arrow hits the orc.
The orc is lightly wounded.
The orc hits you with a +0 dagger.
You shoot an arrow. The arrow hits the orc.
You kill the orc!
The jackal bites you.
You shoot an arrow. The arrow barely misses the jackal.
The jackal bites you.
You shoot an arrow. The arrow barely misses the jackal.
The jackal barely misses you.
The jackal bites you but does no damage.
You shoot an arrow. The arrow hits the jackal.
You kill the jackal!
You shoot an arrow.
The arrow hits the orc priest but does no damage.
The orc priest is severely wounded.
You shoot an arrow.
The arrow hits the orc priest but does no damage.
The orc priest is severely wounded.
The orc priest hits you with a +0 flail.
You shoot an arrow. The arrow barely misses the orc priest.
The orc priest hits you with a +0 flail.
You shoot an arrow. The arrow hits the orc priest.
The orc priest is almost dead.
The orc priest barely misses you.
You shoot an arrow.
The arrow hits the orc priest but does no damage.
The orc priest is almost dead.
The orc priest mumbles some strange prayers to Beogh against you.
Beogh smites you!
The orc priest hits you with a +0 flail.
You die...

######### #
#.......####.####
#.#...#.#o).{....
#.#...#.#@#
#.#...#.#.#
#.#...#...#
#.#######.#
#.........#.
###.........
#.#####.#. #.#
#.#.. #.# #.# ..


You could see an orc priest.

Vanquished Creatures
  An adder (D:1)
  A gnoll (D:1)
  A worm (D:2)
  2 dart slugs
  2 orcs
  6 ball pythons
  9 endoplasms
  5 goblins
  A hobgoblin (D:2)
  5 jackals
  7 kobolds
  2 quokkas (D:1)
  5 bats
  5 frilled lizards (D:1)
  7 rats
59 creatures vanquished.

Notes
Turn   | Place    | Note
-------+----------+-------------------------------------------
     0 | D:1      | qw the Deep Elf Hunter began the quest for the Orb.
     0 | D:1      | Reached XP level 1. HP: 12/12 MP: 3/3
     0 | D:1      | 0 ||| qw: Version: 0.3-a-9-g12657ce
     0 | D:1      | 0 ||| qw: Game counter: 3878
     0 | D:1      | 0 ||| qw: Always use a shield: true
     0 | D:1      | 0 ||| qw: God list: Okawaru
     0 | D:1      | 0 ||| qw: Allow faded altars: false
     0 | D:1      | 0 ||| qw: Do Orc after D:15 true
     0 | D:1      | 0 ||| qw: Do second Lair branch before Depths: true
     0 | D:1      | 0 ||| qw: Lair rune preference: random
     0 | D:1      | 0 ||| qw: Plans: Normal
     0 | D:1      | 0 ||| PLANNING D:1-11
    17 | D:1      | Reached skill level 6 in Ranged Weapons
    17 | D:1      | Reached XP level 2. HP: 10/16 MP: 4/4
   365 | D:1      | Reached XP level 3. HP: 20/20 MP: 5/5
   660 | D:1      | 660 ||| UPGRADING to +0 ring mail.
   670 | D:1      | 670 ||| DROPPING +0 leather armour.
   671 | D:1      | 671 ||| UPGRADING to ring of willpower.
   672 | D:1      | 672 ||| DROPPING ring of flight.
   673 | D:1      | 673 ||| READING 3 scrolls labelled INGOYPNEAR.
   674 | D:1      | 674 ||| READING 2 scrolls of identify.
   674 | D:1      | 674 ||| IDENTIFYING golden potion
   675 | D:1      | 675 ||| DROPPING scroll of butterflies.
   699 | D:2      | 699 ||| STAIRDANCE
   705 | D:1      | Reached skill level 7 in Ranged Weapons
   725 | D:2      | 725 ||| STAIRDANCE
  1030 | D:2      | 1030 ||| Stepping ~*~*~tactically~*~*~ (outnumbered).
  1033 | D:2      | Reached XP level 4. HP: 25/25 MP: 6/6
  1674 | D:2      | 1674 ||| UPGRADING to amulet of guardian spirit.
  1679 | D:2      | 1679 ||| READING scroll labelled XOEN EMNOFFIEM.
  1680 | D:2      | 1680 ||| READING scroll labelled JAUH NA ATO.
  1681 | D:2      | 1681 ||| READING 3 scrolls of identify.
  1681 | D:2      | 1681 ||| IDENTIFYING blue potion
  1682 | D:2      | 1682 ||| DROPPING potion of attraction.
  1797 | D:3      | HP: 2/25 [orc priest/divine providence (11)]
  1797 | D:3      | Slain by an orc priest

Levels and vault maps discovered:
D:1:      doesnt_arrival_eight_statues, layout_basic
D:2:      layout_basic
D:3:      layout_basic

Skill      XL: |  1  2  3 |
---------------+----------+-----
Ranged Weapons | 6 7 |  7.7
Fighting       | |  1.5
Dodging        | |  2.4
Stealth        | |  1.2

Action                     |  1- 3 |  4- 6 || total
---------------------------+-------+-------++-------
   Fire: Shortbow          |   105 |    49 ||   154
    Use: Scroll            |     2 |     3 ||     5
 Armour: Leather armour    |     4 |       ||     4
         Ring mail         |    24 |     3 ||    27
  Dodge: Dodged            |    42 |     5 ||    47

Table legend:
 A = Non-vault XP
 B = Vault XP
 C = Vault XP percentage of total XP
 D = Non-vault monster count
 E = Vault monster count
 F = Vault count percentage of total count
                 A         B        C        D         E       F
            +---------+---------+-------+---------+---------+-------
      Total |     126 |       0 |   0.0 |      59 |       0 |   0.0
            +---------+---------+-------+---------+---------+-------
        D:1 |      78 |       0 |   0.0 |      34 |       0 |   0.0
        D:2 |      40 |       0 |   0.0 |      21 |       0 |   0.0
        D:3 |       8 |       0 |   0.0 |       4 |       0 |   0.0
            +---------+---------+-------+---------+---------+-------
